Workbook

Sheet December 2016
A1: Check Number | D1: Check Date | E1: Vendor Name | G1: Transaction Amount | R1: Description | S1: Account Name | T1: Department | U1: Division | V1: Object of Expenditure | X1: Project Number
A2: 447892 | D2: 42710 | E2: BOB TOMES FORD | G2: 1453.03 | R2: BLANKET PURCHASE ORDER | S2: AUTO MAINTENANCE | T2: EQUIPMENT SERVICES | U2: EQUIP SERV-SHARED | V2: BLANKET PURCHASE ORDER
A3: 448633 | D3: 42719 | G3: 922.34 | R3: BLANKET PURCHASE ORDER | S3: AUTO MAINTENANCE | T3: EQUIPMENT SERVICES | U3: EQUIP SERV-SHARED | V3: BLANKET PURCHASE ORDER
G4: -84.86 | R4: INV# 10166 | S4: AUTO MAINTENANCE | T4: EQUIPMENT SERVICES | U4: EQUIP SERV-SHARED | V4: INV# 10166
G5: -83.16 | R5: INV# 5488462 | S5: AUTO MAINTENANCE | T5: EQUIPMENT SERVICES | U5: EQUIP SERV-SHARED | V5: INV# 5488462
G6: -83.16 | R6: INV# 5488809 | S6: AUTO MAINTENANCE | T6: EQUIPMENT SERVICES | U6: EQUIP SERV-SHARED | V6: INV# 5488809
G7: -50 | R7: INV# Q001469518 | S7: AUTO MAINTENANCE | T7: EQUIPMENT SERVICES | U7: EQUIP SERV-SHARED | V7: INV# Q001469518
L9: =SUM(G2:Q7) -> 2074.19
A11: 448237 | D11: 42717 | E11: BOB BARKER COMPANY, INC | G11: 960 | R11: CLOTHING AND APPAREL | S11: DETENTION SUPPLIES | T11: SHERIFF'S OFFICE | U11: JAIL OPS-ADMIN | V11: CLOTHING AND APPAREL
N13: =SUM(hList_Frame_1!B15:B15) -> 960
A15: 448238 | D15: 42717 | E15: HEIDENHEIMER, MARK | G15: 450 | R15: 006-81308-16 | S15: COURT APPOINTED ATTORNEY | T15: COURT APPT REPRESENTATION | U15: COURT APPT REPRESENTATION | V15: 006-81308-16 | X15: IDCL6M
N17: =SUM(hList_Frame_1!B16:B16) -> 450
A19: 447893 | D19: 42710 | E19: POLLOCK PAPER DISTRIBUTORS | G19: 468 | R19: JANITORIAL SUPPLIES-GEN. | S19: JANITORIAL SUPPLIES | V19: JANITORIAL SUPPLIES-GEN.
N21: =SUM(hList_Frame_1!B17:B17) -> 468
A23: 448239 | D23: 42717 | E23: TEXOMA FIRE EQUIPMENT INC | G23: 4990.5 | R23: EQUIP MAINT-GENERAL EQUIP | S23: FIRE EXTINGUISHER MAINT | T23: UNALLOCATED | U23: NON-DEPARTMENTAL | V23: EQUIP MAINT-GENERAL EQUIP
L25: =SUM(hList_Frame_1!B18:B18) -> 4990.5
A27: 448240 | D27: 42717 | E27: AAI TROPHIES & AWARDS | G27: 388.5 | R27: BADGES/IDENTIFICATION EQ. | S27: SERVICE AWARDS | T27: SHERIFF'S OFFICE | U27: SO-ADMIN | V27: BADGES/IDENTIFICATION EQ.
A28: 448634 | D28: 42719 | G28: 101 | R28: BADGES/IDENTIFICATION EQ. | S28: SERVICE AWARDS | T28: SHERIFF'S OFFICE | U28: SO-ADMIN | V28: BADGES/IDENTIFICATION EQ.
N30: =SUM(G27:Q28) -> 489.5
A33: 447894 | D33: 42710 | E33: WEST PUBLISHING CORPORATION | G33: 349.04 | R33: PUBLICATIONS/AUDIOVISUALS | S33: DUES & SUBSCRIPTIONS | T33: UNALLOCATED | U33: NON-DEPARTMENTAL | V33: PUBLICATIONS/AUDIOVISUALS
A34: 448215 | D34: 42717 | G34: 655 | S34: LEGAL EXPENSE | T34: INDIGENT CHILD SERVICES | U34: CPS BOARD - ADMIN
A35: 448242 | D35: 42717 | G35: 3628.96 | R35: BLANKET PURCHASE ORDER | S35: LIBRARY BOOKS | T35: DISTRICT ATTORNEY | U35: DA-ADMIN | V35: BLANKET PURCHASE ORDER
L37: =SUM(G33:Q35) -> 4633
A39: 447895 | D39: 42710 | E39: TX COMMISSION ON FIRE PRTCN | G39: 85 | R39: MISCELLANEOUS SERVICES | S39: DUES & SUBSCRIPTIONS | T39: FIRE MARSHAL | U39: FIRE MARSHAL-ADMIN | V39: MISCELLANEOUS SERVICES
P41: =SUM(hList_Frame_1!B28:B28) -> 85
A43: 447896 | D43: 42710 | E43: GEBO CREDIT CORPORATION | G43: 279.9 | R43: HAND TOOLS-NOT CLASSIFIED | S43: ROAD SUPPLIES | T43: PUBLIC WORKS | U43: R&B - ADMIN | V43: HAND TOOLS-NOT CLASSIFIED
N45: =SUM(hList_Frame_1!B29:B29) -> 279.9
A47: 447897 | D47: 42710 | E47: BEN E KEITH DFW | G47: 5109.28 | R47: EDIBLE FOODS, STAPLE | S47: FOOD SUPPLIES | T47: SHERIFF'S OFFICE | U47: MINIMUM SECURITY | V47: EDIBLE FOODS, STAPLE
S48: JAIL FOOD
S49: MINIMUM SECURITY FOOD
G50: 1111.89 | R50: FOODS, PERISHABLE | S50: JAIL FOOD | V50: FOODS, PERISHABLE
S51: MINIMUM SECURITY FOOD
G52: 758.58 | R52: FOODS, READY-TO-EAT | S52: JAIL FOOD | V52: FOODS, READY-TO-EAT
S53: MINIMUM SECURITY FOOD
G54: 1454.7 | R54: FOODS:STAPLE GROCERY&GROC | S54: FOOD SUPPLIES | T54: JUVENILE PROBATION | U54: JUV DET -ADMIN | V54: FOODS:STAPLE GROCERY&GROC
A55: 448243 | D55: 42717 | G55: 6161.41 | R55: EDIBLE FOODS, STAPLE | S55: JAIL FOOD | V55: EDIBLE FOODS, STAPLE
S56: MINIMUM SECURITY FOOD
G57: 1451.33 | R57: FOODS, PERISHABLE | S57: JAIL FOOD | V57: FOODS, PERISHABLE
S58: MINIMUM SECURITY FOOD
G59: 863.87 | R59: FOODS, READY-TO-EAT | S59: JAIL FOOD | V59: FOODS, READY-TO-EAT
S60: MINIMUM SECURITY FOOD
K62: =SUM(hList_Frame_1!B30:B43) -> 16911.06
A64: 447898 | D64: 42710 | E64: ROACH, JOHN R JR | G64: 157.68 | S64: TRAVEL REIMBURSEMENT | T64: DISTRICT COURTS | U64: GRANT - TVC VET'S COURT | X64: GT192C
N66: =SUM(hList_Frame_1!B44:B44) -> 157.68
A68: 447899 | D68: 42710 | E68: ALFORD INSURANCE AGENCY | G68: 15 | R68: BLANKET PURCHASE ORDER | S68: SPECIAL DELIVERY SERVICE | T68: BUDGET | U68: SUPPORT SERVICES - SHARED | V68: BLANKET PURCHASE ORDER
A69: 448244 | D69: 42717 | G69: 213 | R69: FINANCIAL/ACCOUNTANCY SER | S69: NOTARY BONDS | T69: UNALLOCATED | U69: NON-DEPARTMENTAL | V69: FINANCIAL/ACCOUNTANCY SER
N71: =SUM(G68:Q69) -> 228
A73: 448225 | D73: 42717 | E73: POSTMASTER MCKINNEY | G73: 1280 | S73: POSTAGE | T73: BUDGET | U73: SUPPORT SERVICES - SHARED
A74: 448226 | D74: 42717 | G74: 216 | S74: POSTAGE | T74: BUDGET | U74: SUPPORT SERVICES - SHARED
A75: 448227 | D75: 42717 | G75: 216 | S75: POSTAGE | T75: BUDGET | U75: SUPPORT SERVICES - SHARED
L77: =SUM(hList_Frame_1!B49:B51) -> 1712
A79: 448245 | D79: 42717 | E79: AMERICAN ASSN OF LAW LIBRARIES | G79: 775 | R79: MISCELLANEOUS SERVICES | S79: EDUCATION & CONFERENCE | T79: BUDGET | U79: LAW LIBRARY-ADMIN | V79: MISCELLANEOUS SERVICES
N81: =SUM(hList_Frame_1!B52:B52) -> 775
A83: 447900 | D83: 42710 | E83: BEHAVIORAL MEASURES & FORENSIC | G83: 2100 | R83: BLANKET PURCHASE ORDER | S83: PRE-EMPLOYMENT EXAM | T83: SHERIFF'S OFFICE | U83: JAIL OPS-ADMIN | V83: BLANKET PURCHASE ORDER
U84: SO-ADMIN
L86: =+G83 -> 2100
A88: 447901 | D88: 42710 | E88: MAY, JEFFRY | G88: 123.68 | R88: j may-arlington, tx | S88: EDUCATION & CONFERENCE | T88: COUNTY AUDITOR | U88: AUDITOR - ADMIN | V88: j may-arlington, tx
G89: 222.8 | R89: j may-ft worth, tx | S89: EDUCATION & CONFERENCE | T89: COUNTY AUDITOR | U89: AUDITOR - ADMIN | V89: j may-ft worth, tx
N91: =SUM(hList_Frame_1!B56:B57) -> 346.48
A93: 448246 | D93: 42717 | E93: BILYEU, BILL | G93: 40.27 | R93: bill, jeff, bob davis | S93: BUSINESS MEALS | T93: ADMINISTRATIVE SERVICES | U93: ADMINISTRATIVE SERV-ADMIN | V93: bill, jeff, bob davis
P95: =SUM(hList_Frame_1!B58:B58) -> 40.27
A97: 448645 | D97: 42725 | E97: DALLAS COUNTY TREASURER, FUND 00471 | G97: 71418.75
J99: =SUM(hList_Frame_1!B59:B59) -> 71418.75
A101: 448247 | D101: 42717 | E101: LEXMARK INTERNATIONAL INC | G101: 548.1 | R101: COMPUTER HARDWARE&PERIPHE | S101: ONE-TIME BUDGET NON-CAP | T101: INFORMATION TECHNOLOGY | U101: IT - SHARED | V101: COMPUTER HARDWARE&PERIPHE
N103: =SUM(hList_Frame_1!B60:B60) -> 548.1
A105: 447904 | D105: 42710 | E105: OFFICE DEPOT | G105: 471.6 | R105: FURNITURE, OFFICE | S105: ONE-TIME BUDGET NON-CAP | T105: TAX ASSESSOR/COLLECTOR | U105: TAX A/C - ADMIN | V105: FURNITURE, OFFICE
G106: 4404.61 | R106: OFFICE SUPPLIES (GENERAL) | S106: COMPUTER SUPPLIES | T106: BUDGET | U106: SUPPORT SERVICES - SHARED | V106: OFFICE SUPPLIES (GENERAL)
S107: ELECTION SUPPLIES | T107: ELECTIONS | U107: ELECTIONS-ADMIN
S108: OFFICE SUPPLIES | T108: ANIMAL SHELTER | U108: ANIMAL SHELTER-ADMIN
T109: CONSERVATION | U109: EXTENSION OFFICE - ADMIN
T110: COUNTY AUDITOR | U110: AUDITOR - ADMIN
T111: COUNTY CLERK | U111: CCLC - COLLECTIONS
T112: HEALTHCARE SERVICES | U112: INDIGENT HC-ADMIN
T113: HUMAN RESOURCES | U113: HR - ADMIN
U114: RISK MANAGEMENT - ADMIN
T115: JUSTICES OF THE PEACE | U115: JP3-2 ADMIN
U116: JP4-ADMIN
T117: JUVENILE PROBATION | U117: JUV DET -ADMIN
U118: JUV PROB-ADMIN
T119: MEDICAL EXAMINER | U119: ME-ADMIN
T120: SHERIFF'S OFFICE | U120: SO-ADMIN
T121: TAX ASSESSOR/COLLECTOR | U121: TAX A/C - ADMIN
A122: 447905 | D122: 42710 | G122: 183.94 | R122: OFFICE SUPPLIES (GENERAL) | S122: OFFICE SUPPLIES | T122: CSCD | U122: CSCD-BASIC SUPERVISION | V122: OFFICE SUPPLIES (GENERAL) | X122: GT226E
U123: CSCD-CCP-COMM CORR FAC | X123: GT227E
A124: 448251 | D124: 42717 | G124: 119.62 | R124: BLANKET PURCHASE ORDER | S124: OFFICE SUPPLIES | T124: BUDGET | U124: LAW LIBRARY-ADMIN | V124: BLANKET PURCHASE ORDER
G125: 1973.68 | R125: IR:PRINTER/PLOTTER/ACCESS | S125: COMPUTER SUPPLIES | T125: BUDGET | U125: SUPPORT SERVICES - SHARED | V125: IR:PRINTER/PLOTTER/ACCESS
G126: 3716.71 | R126: OFFICE SUPPLIES (GENERAL) | S126: ELECTION SUPPLIES | T126: ELECTIONS | U126: ELECTIONS-ADMIN | V126: OFFICE SUPPLIES (GENERAL)
S127: OFFICE SUPPLIES | T127: ADMINISTRATIVE SERVICES | U127: ADMINISTRATIVE SERV-ADMIN
T128: CONSERVATION | U128: EXTENSION OFFICE - ADMIN
T129: CONSTABLES | U129: C3-ADMIN
T130: COUNTY AUDITOR | U130: AUDITOR - ADMIN
T131: COUNTY CLERK | U131: CCLC-ADMIN
T132: DISTRICT ATTORNEY | U132: DA-ADMIN
T133: DISTRICT CLERK | U133: DIST CLERK-ADMIN
U134: JURY MGMT-ADMIN
T135: DISTRICT COURTS | U135: 219TH DC-ADMIN
T136: EQUIPMENT SERVICES | U136: EQUIP SERV-ADMIN
T137: FACILITIES & PARKS | U137: BUILD SUP - ADMIN
U138: CONST & PROJ - ADMIN
T139: FIRE MARSHAL | U139: FIRE MARSHAL-ADMIN
...

Sheet hList_Frame_1
A1: =IF(ISBLANK('December 2016'!A2),"",IF(ISTEXT('December 2016'!A2),0,'December 2016'!A2)) -> 447892 | B1: =IF(ISBLANK('December 2016'!G2),"",IF(ISTEXT('December 2016'!G2),0,'December 2016'!G2)) -> 1453.03
A2: =IF(ISBLANK('December 2016'!#REF!),"",IF(ISTEXT('December 2016'!#REF!),0,'December 2016'!#REF!)) -> #REF! | B2: =IF(ISBLANK('December 2016'!#REF!),"",IF(ISTEXT('December 2016'!#REF!),0,'December 2016'!#REF!)) -> #REF!
A3: =IF(ISBLANK('December 2016'!#REF!),"",IF(ISTEXT('December 2016'!#REF!),0,'December 2016'!#REF!)) -> #REF! | B3: =IF(ISBLANK('December 2016'!#REF!),"",IF(ISTEXT('December 2016'!#REF!),0,'December 2016'!#REF!)) -> #REF!
A4: =IF(ISBLANK('December 2016'!#REF!),"",IF(ISTEXT('December 2016'!#REF!),0,'December 2016'!#REF!)) -> #REF! | B4: =IF(ISBLANK('December 2016'!#REF!),"",IF(ISTEXT('December 2016'!#REF!),0,'December 2016'!#REF!)) -> #REF!
A5: =IF(ISBLANK('December 2016'!#REF!),"",IF(ISTEXT('December 2016'!#REF!),0,'December 2016'!#REF!)) -> #REF! | B5: =IF(ISBLANK('December 2016'!#REF!),"",IF(ISTEXT('December 2016'!#REF!),0,'December 2016'!#REF!)) -> #REF!
A6: =IF(ISBLANK('December 2016'!#REF!),"",IF(ISTEXT('December 2016'!#REF!),0,'December 2016'!#REF!)) -> #REF! | B6: =IF(ISBLANK('December 2016'!#REF!),"",IF(ISTEXT('December 2016'!#REF!),0,'December 2016'!#REF!)) -> #REF!
A7: =IF(ISBLANK('December 2016'!#REF!),"",IF(ISTEXT('December 2016'!#REF!),0,'December 2016'!#REF!)) -> #REF! | B7: =IF(ISBLANK('December 2016'!#REF!),"",IF(ISTEXT('December 2016'!#REF!),0,'December 2016'!#REF!)) -> #REF!
A8: =IF(ISBLANK('December 2016'!#REF!),"",IF(ISTEXT('December 2016'!#REF!),0,'December 2016'!#REF!)) -> #REF! | B8: =IF(ISBLANK('December 2016'!#REF!),"",IF(ISTEXT('December 2016'!#REF!),0,'December 2016'!#REF!)) -> #REF!
A9: =IF(ISBLANK('December 2016'!#REF!),"",IF(ISTEXT('December 2016'!#REF!),0,'December 2016'!#REF!)) -> #REF! | B9: =IF(ISBLANK('December 2016'!#REF!),"",IF(ISTEXT('December 2016'!#REF!),0,'December 2016'!#REF!)) -> #REF!
A10: =IF(ISBLANK('December 2016'!A3),"",IF(ISTEXT('December 2016'!A3),0,'December 2016'!A3)) -> 448633 | B10: =IF(ISBLANK('December 2016'!G3),"",IF(ISTEXT('December 2016'!G3),0,'December 2016'!G3)) -> 922.34
A11: =IF(ISBLANK('December 2016'!A4),"",IF(ISTEXT('December 2016'!A4),0,'December 2016'!A4)) | B11: =IF(ISBLANK('December 2016'!G4),"",IF(ISTEXT('December 2016'!G4),0,'December 2016'!G4)) -> -84.86
A12: =IF(ISBLANK('December 2016'!A5),"",IF(ISTEXT('December 2016'!A5),0,'December 2016'!A5)) | B12: =IF(ISBLANK('December 2016'!G5),"",IF(ISTEXT('December 2016'!G5),0,'December 2016'!G5)) -> -83.16
A13: =IF(ISBLANK('December 2016'!A6),"",IF(ISTEXT('December 2016'!A6),0,'December 2016'!A6)) | B13: =IF(ISBLANK('December 2016'!G6),"",IF(ISTEXT('December 2016'!G6),0,'December 2016'!G6)) -> -83.16
A14: =IF(ISBLANK('December 2016'!A7),"",IF(ISTEXT('December 2016'!A7),0,'December 2016'!A7)) | B14: =IF(ISBLANK('December 2016'!G7),"",IF(ISTEXT('December 2016'!G7),0,'December 2016'!G7)) -> -50
A15: =IF(ISBLANK('December 2016'!A11),"",IF(ISTEXT('December 2016'!A11),0,'December 2016'!A11)) -> 448237 | B15: =IF(ISBLANK('December 2016'!G11),"",IF(ISTEXT('December 2016'!G11),0,'December 2016'!G11)) -> 960
A16: =IF(ISBLANK('December 2016'!A15),"",IF(ISTEXT('December 2016'!A15),0,'December 2016'!A15)) -> 448238 | B16: =IF(ISBLANK('December 2016'!G15),"",IF(ISTEXT('December 2016'!G15),0,'December 2016'!G15)) -> 450
A17: =IF(ISBLANK('December 2016'!A19),"",IF(ISTEXT('December 2016'!A19),0,'December 2016'!A19)) -> 447893 | B17: =IF(ISBLANK('December 2016'!G19),"",IF(ISTEXT('December 2016'!G19),0,'December 2016'!G19)) -> 468
A18: =IF(ISBLANK('December 2016'!A23),"",IF(ISTEXT('December 2016'!A23),0,'December 2016'!A23)) -> 448239 | B18: =IF(ISBLANK('December 2016'!G23),"",IF(ISTEXT('December 2016'!G23),0,'December 2016'!G23)) -> 4990.5
A19: =IF(ISBLANK('December 2016'!A27),"",IF(ISTEXT('December 2016'!A27),0,'December 2016'!A27)) -> 448240 | B19: =IF(ISBLANK('December 2016'!G27),"",IF(ISTEXT('December 2016'!G27),0,'December 2016'!G27)) -> 388.5
A20: =IF(ISBLANK('December 2016'!#REF!),"",IF(ISTEXT('December 2016'!#REF!),0,'December 2016'!#REF!)) -> #REF! | B20: =IF(ISBLANK('December 2016'!#REF!),"",IF(ISTEXT('December 2016'!#REF!),0,'December 2016'!#REF!)) -> #REF!
A21: =IF(ISBLANK('December 2016'!#REF!),"",IF(ISTEXT('December 2016'!#REF!),0,'December 2016'!#REF!)) -> #REF! | B21: =IF(ISBLANK('December 2016'!#REF!),"",IF(ISTEXT('December 2016'!#REF!),0,'December 2016'!#REF!)) -> #REF!
A22: =IF(ISBLANK('December 2016'!A28),"",IF(ISTEXT('December 2016'!A28),0,'December 2016'!A28)) -> 448634 | B22: =IF(ISBLANK('December 2016'!G28),"",IF(ISTEXT('December 2016'!G28),0,'December 2016'!G28)) -> 101
A23: =IF(ISBLANK('December 2016'!A33),"",IF(ISTEXT('December 2016'!A33),0,'December 2016'!A33)) -> 447894 | B23: =IF(ISBLANK('December 2016'!G33),"",IF(ISTEXT('December 2016'!G33),0,'December 2016'!G33)) -> 349.04
A24: =IF(ISBLANK('December 2016'!#REF!),"",IF(ISTEXT('December 2016'!#REF!),0,'December 2016'!#REF!)) -> #REF! | B24: =IF(ISBLANK('December 2016'!#REF!),"",IF(ISTEXT('December 2016'!#REF!),0,'December 2016'!#REF!)) -> #REF!
A25: =IF(ISBLANK('December 2016'!A34),"",IF(ISTEXT('December 2016'!A34),0,'December 2016'!A34)) -> 448215 | B25: =IF(ISBLANK('December 2016'!G34),"",IF(ISTEXT('December 2016'!G34),0,'December 2016'!G34)) -> 655
A26: =IF(ISBLANK('December 2016'!A35),"",IF(ISTEXT('December 2016'!A35),0,'December 2016'!A35)) -> 448242 | B26: =IF(ISBLANK('December 2016'!G35),"",IF(ISTEXT('December 2016'!G35),0,'December 2016'!G35)) -> 3628.96
A27: =IF(ISBLANK('December 2016'!#REF!),"",IF(ISTEXT('December 2016'!#REF!),0,'December 2016'!#REF!)) -> #REF! | B27: =IF(ISBLANK('December 2016'!#REF!),"",IF(ISTEXT('December 2016'!#REF!),0,'December 2016'!#REF!)) -> #REF!
A28: =IF(ISBLANK('December 2016'!A39),"",IF(ISTEXT('December 2016'!A39),0,'December 2016'!A39)) -> 447895 | B28: =IF(ISBLANK('December 2016'!G39),"",IF(ISTEXT('December 2016'!G39),0,'December 2016'!G39)) -> 85
A29: =IF(ISBLANK('December 2016'!A43),"",IF(ISTEXT('December 2016'!A43),0,'December 2016'!A43)) -> 447896 | B29: =IF(ISBLANK('December 2016'!G43),"",IF(ISTEXT('December 2016'!G43),0,'December 2016'!G43)) -> 279.9
A30: =IF(ISBLANK('December 2016'!A47),"",IF(ISTEXT('December 2016'!A47),0,'December 2016'!A47)) -> 447897 | B30: =IF(ISBLANK('December 2016'!G47),"",IF(ISTEXT('December 2016'!G47),0,'December 2016'!G47)) -> 5109.28
A31: =IF(ISBLANK('December 2016'!A48),"",IF(ISTEXT('December 2016'!A48),0,'December 2016'!A48)) | B31: =IF(ISBLANK('December 2016'!G48),"",IF(ISTEXT('December 2016'!G48),0,'December 2016'!G48))
A32: =IF(ISBLANK('December 2016'!A49),"",IF(ISTEXT('December 2016'!A49),0,'December 2016'!A49)) | B32: =IF(ISBLANK('December 2016'!G49),"",IF(ISTEXT('December 2016'!G49),0,'December 2016'!G49))
A33: =IF(ISBLANK('December 2016'!A50),"",IF(ISTEXT('December 2016'!A50),0,'December 2016'!A50)) | B33: =IF(ISBLANK('December 2016'!G50),"",IF(ISTEXT('December 2016'!G50),0,'December 2016'!G50)) -> 1111.89
A34: =IF(ISBLANK('December 2016'!A51),"",IF(ISTEXT('December 2016'!A51),0,'December 2016'!A51)) | B34: =IF(ISBLANK('December 2016'!G51),"",IF(ISTEXT('December 2016'!G51),0,'December 2016'!G51))
A35: =IF(ISBLANK('December 2016'!A52),"",IF(ISTEXT('December 2016'!A52),0,'December 2016'!A52)) | B35: =IF(ISBLANK('December 2016'!G52),"",IF(ISTEXT('December 2016'!G52),0,'December 2016'!G52)) -> 758.58
A36: =IF(ISBLANK('December 2016'!A53),"",IF(ISTEXT('December 2016'!A53),0,'December 2016'!A53)) | B36: =IF(ISBLANK('December 2016'!G53),"",IF(ISTEXT('December 2016'!G53),0,'December 2016'!G53))
A37: =IF(ISBLANK('December 2016'!A54),"",IF(ISTEXT('December 2016'!A54),0,'December 2016'!A54)) | B37: =IF(ISBLANK('December 2016'!G54),"",IF(ISTEXT('December 2016'!G54),0,'December 2016'!G54)) -> 1454.7
A38: =IF(ISBLANK('December 2016'!A55),"",IF(ISTEXT('December 2016'!A55),0,'December 2016'!A55)) -> 448243 | B38: =IF(ISBLANK('December 2016'!G55),"",IF(ISTEXT('December 2016'!G55),0,'December 2016'!G55)) -> 6161.41
A39: =IF(ISBLANK('December 2016'!A56),"",IF(ISTEXT('December 2016'!A56),0,'December 2016'!A56)) | B39: =IF(ISBLANK('December 2016'!G56),"",IF(ISTEXT('December 2016'!G56),0,'December 2016'!G56))
A40: =IF(ISBLANK('December 2016'!A57),"",IF(ISTEXT('December 2016'!A57),0,'December 2016'!A57)) | B40: =IF(ISBLANK('December 2016'!G57),"",IF(ISTEXT('December 2016'!G57),0,'December 2016'!G57)) -> 1451.33
A41: =IF(ISBLANK('December 2016'!A58),"",IF(ISTEXT('December 2016'!A58),0,'December 2016'!A58)) | B41: =IF(ISBLANK('December 2016'!G58),"",IF(ISTEXT('December 2016'!G58),0,'December 2016'!G58))
... A43: =IF(ISBLANK('December 2016'!A60),"",IF(ISTEXT('December 2016'!A60),0,'December 2016'!A60)) | B43: =IF(ISBLANK('December 2016'!G60),"",IF(ISTEXT('December 2016'!G60),0,'December 2016'!G60))
A44: =IF(ISBLANK('December 2016'!A64),"",IF(ISTEXT('December 2016'!A64),0,'December 2016'!A64)) -> 447898 | B44: =IF(ISBLANK('December 2016'!G64),"",IF(ISTEXT('December 2016'!G64),0,'December 2016'!G64)) -> 157.68
A45: =IF(ISBLANK('December 2016'!A68),"",IF(ISTEXT('December 2016'!A68),0,'December 2016'!A68)) -> 447899 | B45: =IF(ISBLANK('December 2016'!G68),"",IF(ISTEXT('December 2016'!G68),0,'December 2016'!G68)) -> 15
A46: =IF(ISBLANK('December 2016'!A69),"",IF(ISTEXT('December 2016'!A69),0,'December 2016'!A69)) -> 448244 | B46: =IF(ISBLANK('December 2016'!G69),"",IF(ISTEXT('December 2016'!G69),0,'December 2016'!G69)) -> 213
A47: =IF(ISBLANK('December 2016'!#REF!),"",IF(ISTEXT('December 2016'!#REF!),0,'December 2016'!#REF!)) -> #REF! | B47: =IF(ISBLANK('December 2016'!#REF!),"",IF(ISTEXT('December 2016'!#REF!),0,'December 2016'!#REF!)) -> #REF!
A48: =IF(ISBLANK('December 2016'!#REF!),"",IF(ISTEXT('December 2016'!#REF!),0,'December 2016'!#REF!)) -> #REF! | B48: =IF(ISBLANK('December 2016'!#REF!),"",IF(ISTEXT('December 2016'!#REF!),0,'December 2016'!#REF!)) -> #REF!
A49: =IF(ISBLANK('December 2016'!A73),"",IF(ISTEXT('December 2016'!A73),0,'December 2016'!A73)) -> 448225 | B49: =IF(ISBLANK('December 2016'!G73),"",IF(ISTEXT('December 2016'!G73),0,'December 2016'!G73)) -> 1280
A50: =IF(ISBLANK('December 2016'!A74),"",IF(ISTEXT('December 2016'!A74),0,'December 2016'!A74)) -> 448226 | B50: =IF(ISBLANK('December 2016'!G74),"",IF(ISTEXT('December 2016'!G74),0,'December 2016'!G74)) -> 216
A51: =IF(ISBLANK('December 2016'!A75),"",IF(ISTEXT('December 2016'!A75),0,'December 2016'!A75)) -> 448227 | B51: =IF(ISBLANK('December 2016'!G75),"",IF(ISTEXT('December 2016'!G75),0,'December 2016'!G75)) -> 216
A52: =IF(ISBLANK('December 2016'!A79),"",IF(ISTEXT('December 2016'!A79),0,'December 2016'!A79)) -> 448245 | B52: =IF(ISBLANK('December 2016'!G79),"",IF(ISTEXT('December 2016'!G79),0,'December 2016'!G79)) -> 775
A53: =IF(ISBLANK('December 2016'!A83),"",IF(ISTEXT('December 2016'!A83),0,'December 2016'!A83)) -> 447900 | B53: =IF(ISBLANK('December 2016'!G83),"",IF(ISTEXT('December 2016'!G83),0,'December 2016'!G83)) -> 2100
A54: =IF(ISBLANK('December 2016'!#REF!),"",IF(ISTEXT('December 2016'!#REF!),0,'December 2016'!#REF!)) -> #REF! | B54: =IF(ISBLANK('December 2016'!#REF!),"",IF(ISTEXT('December 2016'!#REF!),0,'December 2016'!#REF!)) -> #REF!
A55: =IF(ISBLANK('December 2016'!A84),"",IF(ISTEXT('December 2016'!A84),0,'December 2016'!A84)) | B55: =IF(ISBLANK('December 2016'!G84),"",IF(ISTEXT('December 2016'!G84),0,'December 2016'!G84))
A56: =IF(ISBLANK('December 2016'!A88),"",IF(ISTEXT('December 2016'!A88),0,'December 2016'!A88)) -> 447901 | B56: =IF(ISBLANK('December 2016'!G88),"",IF(ISTEXT('December 2016'!G88),0,'December 2016'!G88)) -> 123.68
A57: =IF(ISBLANK('December 2016'!A89),"",IF(ISTEXT('December 2016'!A89),0,'December 2016'!A89)) | B57: =IF(ISBLANK('December 2016'!G89),"",IF(ISTEXT('December 2016'!G89),0,'December 2016'!G89)) -> 222.8
A58: =IF(ISBLANK('December 2016'!A93),"",IF(ISTEXT('December 2016'!A93),0,'December 2016'!A93)) -> 448246 | B58: =IF(ISBLANK('December 2016'!G93),"",IF(ISTEXT('December 2016'!G93),0,'December 2016'!G93)) -> 40.27
A59: =IF(ISBLANK('December 2016'!A97),"",IF(ISTEXT('December 2016'!A97),0,'December 2016'!A97)) -> 448645 | B59: =IF(ISBLANK('December 2016'!G97),"",IF(ISTEXT('December 2016'!G97),0,'December 2016'!G97)) -> 71418.75
A60: =IF(ISBLANK('December 2016'!A101),"",IF(ISTEXT('December 2016'!A101),0,'December 2016'!A101)) -> 448247 | B60: =IF(ISBLANK('December 2016'!G101),"",IF(ISTEXT('December 2016'!G101),0,'December 2016'!G101)) -> 548.1
A61: =IF(ISBLANK('December 2016'!A105),"",IF(ISTEXT('December 2016'!A105),0,'December 2016'!A105)) -> 447904 | B61: =IF(ISBLANK('December 2016'!G105),"",IF(ISTEXT('December 2016'!G105),0,'December 2016'!G105)) -> 471.6
A62: =IF(ISBLANK('December 2016'!#REF!),"",IF(ISTEXT('December 2016'!#REF!),0,'December 2016'!#REF!)) -> #REF! | B62: =IF(ISBLANK('December 2016'!#REF!),"",IF(ISTEXT('December 2016'!#REF!),0,'December 2016'!#REF!)) -> #REF!
A63: =IF(ISBLANK('December 2016'!A106),"",IF(ISTEXT('December 2016'!A106),0,'December 2016'!A106)) | B63: =IF(ISBLANK('December 2016'!G106),"",IF(ISTEXT('December 2016'!G106),0,'December 2016'!G106)) -> 4404.61
A64: =IF(ISBLANK('December 2016'!A107),"",IF(ISTEXT('December 2016'!A107),0,'December 2016'!A107)) | B64: =IF(ISBLANK('December 2016'!G107),"",IF(ISTEXT('December 2016'!G107),0,'December 2016'!G107))
A65: =IF(ISBLANK('December 2016'!A108),"",IF(ISTEXT('December 2016'!A108),0,'December 2016'!A108)) | B65: =IF(ISBLANK('December 2016'!G108),"",IF(ISTEXT('December 2016'!G108),0,'December 2016'!G108))
A66: =IF(ISBLANK('December 2016'!A109),"",IF(ISTEXT('December 2016'!A109),0,'December 2016'!A109)) | B66: =IF(ISBLANK('December 2016'!G109),"",IF(ISTEXT('December 2016'!G109),0,'December 2016'!G109))
A67: =IF(ISBLANK('December 2016'!#REF!),"",IF(ISTEXT('December 2016'!#REF!),0,'December 2016'!#REF!)) -> #REF! | B67: =IF(ISBLANK('December 2016'!#REF!),"",IF(ISTEXT('December 2016'!#REF!),0,'December 2016'!#REF!)) -> #REF!
A68: =IF(ISBLANK('December 2016'!A110),"",IF(ISTEXT('December 2016'!A110),0,'December 2016'!A110)) | B68: =IF(ISBLANK('December 2016'!G110),"",IF(ISTEXT('December 2016'!G110),0,'December 2016'!G110))
A69: =IF(ISBLANK('December 2016'!#REF!),"",IF(ISTEXT('December 2016'!#REF!),0,'December 2016'!#REF!)) -> #REF! | B69: =IF(ISBLANK('December 2016'!#REF!),"",IF(ISTEXT('December 2016'!#REF!),0,'December 2016'!#REF!)) -> #REF!
A70: =IF(ISBLANK('December 2016'!A111),"",IF(ISTEXT('December 2016'!A111),0,'December 2016'!A111)) | B70: =IF(ISBLANK('December 2016'!G111),"",IF(ISTEXT('December 2016'!G111),0,'December 2016'!G111))
A71: =IF(ISBLANK('December 2016'!A112),"",IF(ISTEXT('December 2016'!A112),0,'December 2016'!A112)) | B71: =IF(ISBLANK('December 2016'!G112),"",IF(ISTEXT('December 2016'!G112),0,'December 2016'!G112))
A72: =IF(ISBLANK('December 2016'!#REF!),"",IF(ISTEXT('December 2016'!#REF!),0,'December 2016'!#REF!)) -> #REF! | B72: =IF(ISBLANK('December 2016'!#REF!),"",IF(ISTEXT('December 2016'!#REF!),0,'December 2016'!#REF!)) -> #REF!
A73: =IF(ISBLANK('December 2016'!#REF!),"",IF(ISTEXT('December 2016'!#REF!),0,'December 2016'!#REF!)) -> #REF! | B73: =IF(ISBLANK('December 2016'!#REF!),"",IF(ISTEXT('December 2016'!#REF!),0,'December 2016'!#REF!)) -> #REF!
A74: =IF(ISBLANK('December 2016'!#REF!),"",IF(ISTEXT('December 2016'!#REF!),0,'December 2016'!#REF!)) -> #REF! | B74: =IF(ISBLANK('December 2016'!#REF!),"",IF(ISTEXT('December 2016'!#REF!),0,'December 2016'!#REF!)) -> #REF!
A75: =IF(ISBLANK('December 2016'!A113),"",IF(ISTEXT('December 2016'!A113),0,'December 2016'!A113)) | B75: =IF(ISBLANK('December 2016'!G113),"",IF(ISTEXT('December 2016'!G113),0,'December 2016'!G113))
A76: =IF(ISBLANK('December 2016'!#REF!),"",IF(ISTEXT('December 2016'!#REF!),0,'December 2016'!#REF!)) -> #REF! | B76: =IF(ISBLANK('December 2016'!#REF!),"",IF(ISTEXT('December 2016'!#REF!),0,'December 2016'!#REF!)) -> #REF!
A77: =IF(ISBLANK('December 2016'!#REF!),"",IF(ISTEXT('December 2016'!#REF!),0,'December 2016'!#REF!)) -> #REF! | B77: =IF(ISBLANK('December 2016'!#REF!),"",IF(ISTEXT('December 2016'!#REF!),0,'December 2016'!#REF!)) -> #REF!
A78: =IF(ISBLANK('December 2016'!#REF!),"",IF(ISTEXT('December 2016'!#REF!),0,'December 2016'!#REF!)) -> #REF! | B78: =IF(ISBLANK('December 2016'!#REF!),"",IF(ISTEXT('December 2016'!#REF!),0,'December 2016'!#REF!)) -> #REF!
A79: =IF(ISBLANK('December 2016'!#REF!),"",IF(ISTEXT('December 2016'!#REF!),0,'December 2016'!#REF!)) -> #REF! | B79: =IF(ISBLANK('December 2016'!#REF!),"",IF(ISTEXT('December 2016'!#REF!),0,'December 2016'!#REF!)) -> #REF!
A80: =IF(ISBLANK('December 2016'!A114),"",IF(ISTEXT('December 2016'!A114),0,'December 2016'!A114)) | B80: =IF(ISBLANK('December 2016'!G114),"",IF(ISTEXT('December 2016'!G114),0,'December 2016'!G114))
A81: =IF(ISBLANK('December 2016'!#REF!),"",IF(ISTEXT('December 2016'!#REF!),0,'December 2016'!#REF!)) -> #REF! | B81: =IF(ISBLANK('December 2016'!#REF!),"",IF(ISTEXT('December 2016'!#REF!),0,'December 2016'!#REF!)) -> #REF!
A82: =IF(ISBLANK('December 2016'!A115),"",IF(ISTEXT('December 2016'!A115),0,'December 2016'!A115)) | B82: =IF(ISBLANK('December 2016'!G115),"",IF(ISTEXT('December 2016'!G115),0,'December 2016'!G115))
A83: =IF(ISBLANK('December 2016'!#REF!),"",IF(ISTEXT('December 2016'!#REF!),0,'December 2016'!#REF!)) -> #REF! | B83: =IF(ISBLANK('December 2016'!#REF!),"",IF(ISTEXT('December 2016'!#REF!),0,'December 2016'!#REF!)) -> #REF!
A84: =IF(ISBLANK('December 2016'!A116),"",IF(ISTEXT('December 2016'!A116),0,'December 2016'!A116)) | B84: =IF(ISBLANK('December 2016'!G116),"",IF(ISTEXT('December 2016'!G116),0,'December 2016'!G116))
A85: =IF(ISBLANK('December 2016'!#REF!),"",IF(ISTEXT('December 2016'!#REF!),0,'December 2016'!#REF!)) -> #REF! | B85: =IF(ISBLANK('December 2016'!#REF!),"",IF(ISTEXT('December 2016'!#REF!),0,'December 2016'!#REF!)) -> #REF!
A86: =IF(ISBLANK('December 2016'!A117),"",IF(ISTEXT('December 2016'!A117),0,'December 2016'!A117)) | B86: =IF(ISBLANK('December 2016'!G117),"",IF(ISTEXT('December 2016'!G117),0,'December 2016'!G117))
A87: =IF(ISBLANK('December 2016'!#REF!),"",IF(ISTEXT('December 2016'!#REF!),0,'December 2016'!#REF!)) -> #REF! | B87: =IF(ISBLANK('December 2016'!#REF!),"",IF(ISTEXT('December 2016'!#REF!),0,'December 2016'!#REF!)) -> #REF!
A88: =IF(ISBLANK('December 2016'!A118),"",IF(ISTEXT('December 2016'!A118),0,'December 2016'!A118)) | B88: =IF(ISBLANK('December 2016'!G118),"",IF(ISTEXT('December 2016'!G118),0,'December 2016'!G118))
A89: =IF(ISBLANK('December 2016'!A119),"",IF(ISTEXT('December 2016'!A119),0,'December 2016'!A119)) | B89: =IF(ISBLANK('December 2016'!G119),"",IF(ISTEXT('December 2016'!G119),0,'December 2016'!G119))
A90: =IF(ISBLANK('December 2016'!#REF!),"",IF(ISTEXT('December 2016'!#REF!),0,'December 2016'!#REF!)) -> #REF! | B90: =IF(ISBLANK('December 2016'!#REF!),"",IF(ISTEXT('December 2016'!#REF!),0,'December 2016'!#REF!)) -> #REF!
A91: =IF(ISBLANK('December 2016'!#REF!),"",IF(ISTEXT('December 2016'!#REF!),0,'December 2016'!#REF!)) -> #REF! | B91: =IF(ISBLANK('December 2016'!#REF!),"",IF(ISTEXT('December 2016'!#REF!),0,'December 2016'!#REF!)) -> #REF!
A92: =IF(ISBLANK('December 2016'!A120),"",IF(ISTEXT('December 2016'!A120),0,'December 2016'!A120)) | B92: =IF(ISBLANK('December 2016'!G120),"",IF(ISTEXT('December 2016'!G120),0,'December 2016'!G120))
A93: =IF(ISBLANK('December 2016'!A121),"",IF(ISTEXT('December 2016'!A121),0,'December 2016'!A121)) | B93: =IF(ISBLANK('December 2016'!G121),"",IF(ISTEXT('December 2016'!G121),0,'December 2016'!G121))
A94: =IF(ISBLANK('December 2016'!#REF!),"",IF(ISTEXT('December 2016'!#REF!),0,'December 2016'!#REF!)) -> #REF! | B94: =IF(ISBLANK('December 2016'!#REF!),"",IF(ISTEXT('December 2016'!#REF!),0,'December 2016'!#REF!)) -> #REF!
A95: =IF(ISBLANK('December 2016'!A122),"",IF(ISTEXT('December 2016'!A122),0,'December 2016'!A122)) -> 447905 | B95: =IF(ISBLANK('December 2016'!G122),"",IF(ISTEXT('December 2016'!G122),0,'December 2016'!G122)) -> 183.94
A96: =IF(ISBLANK('December 2016'!A123),"",IF(ISTEXT('December 2016'!A123),0,'December 2016'!A123)) | B96: =IF(ISBLANK('December 2016'!G123),"",IF(ISTEXT('December 2016'!G123),0,'December 2016'!G123))
A97: =IF(ISBLANK('December 2016'!#REF!),"",IF(ISTEXT('December 2016'!#REF!),0,'December 2016'!#REF!)) -> #REF! | B97: =IF(ISBLANK('December 2016'!#REF!),"",IF(ISTEXT('December 2016'!#REF!),0,'December 2016'!#REF!)) -> #REF!
A98: =IF(ISBLANK('December 2016'!#REF!),"",IF(ISTEXT('December 2016'!#REF!),0,'December 2016'!#REF!)) -> #REF! | B98: =IF(ISBLANK('December 2016'!#REF!),"",IF(ISTEXT('December 2016'!#REF!),0,'December 2016'!#REF!)) -> #REF!
A99: =IF(ISBLANK('December 2016'!A124),"",IF(ISTEXT('December 2016'!A124),0,'December 2016'!A124)) -> 448251 | B99: =IF(ISBLANK('December 2016'!G124),"",IF(ISTEXT('December 2016'!G124),0,'December 2016'!G124)) -> 119.62
A100: =IF(ISBLANK('December 2016'!A125),"",IF(ISTEXT('December 2016'!A125),0,'December 2016'!A125)) | B100: =IF(ISBLANK('December 2016'!G125),"",IF(ISTEXT('December 2016'!G125),0,'December 2016'!G125)) -> 1973.68
A101: =IF(ISBLANK('December 2016'!#REF!),"",IF(ISTEXT('December 2016'!#REF!),0,'December 2016'!#REF!)) -> #REF! | B101: =IF(ISBLANK('December 2016'!#REF!),"",IF(ISTEXT('December 2016'!#REF!),0,'December 2016'!#REF!)) -> #REF!
...
